 Dungeon Crawl Stone Soup version 0.16.2-12-gd0ad4c3 (webtiles) character file.

1463 Peloso the Shield-Bearer (level 8, -2/70 HPs)
             Began as a Minotaur Fighter on Oct 8, 2015.
             Was a Priest of Okawaru.
             Slain by Grinder (4 damage)
             ... on level 6 of the Dungeon.
             The game lasted 00:19:24 (4194 turns).

Peloso the Shield-Bearer (Minotaur Fighter)         Turns: 4194, Time: 00:19:24

Health: -2/70      AC: 11    Str: 23    XL:     8   Next: 48%
Magic:  3/3        EV:  8    Int:  5    God:    Okawaru [***...]
Gold:   216        SH: 11    Dex: 10    Spells: 0 memorised, 7 levels left

rFire  . . .     SeeInvis +     g - +6 short sword "Impslayer" {freeze, rElec}
rCold  . . .     Clarity  .     h - +1 chain mail
rNeg   . . .     SustAb   .     c - +0 shield
rPois  .         Gourm    .     (helmet restricted)
rElec  +         Spirit   .     (no cloak)
rCorr  .         Warding  .     (no gloves)
rMut   .         Stasis   .     (no boots)
MR     .....                    (no amulet)
Stlth  ..........               (no ring)
                                r - ring of see invisible

@: not resistant to hostile enchantments, extremely unstealthy
A: retaliatory headbutt, horns 2
a: Heroism, Renounce Religion


You were on level 6 of the Dungeon.
You worshipped Okawaru.
Okawaru was most pleased with you.
You were very hungry.

You visited 1 branch of the dungeon, and saw 6 of its levels.

You collected 216 gold pieces.

Inventory:

Hand weapons
 a - a +1 long sword
 g - the +6 short sword "Impslayer" (weapon) {freeze, rElec}
   (You found it on level 5 of the Dungeon)

   It has been specially enchanted to freeze those struck by it, causing extra
   injury to most foes and up to half again as much damage against particularly
   susceptible opponents.
   It can also slow down cold-blooded creatures.
   It insulates you from electricity.
 u - a +0 mace of protection
Armour
 b - a +0 scale mail
 c - a +0 shield (worn)
 h - a +1 chain mail (worn)
Jewellery
 r - a ring of see invisible (left hand)
Magical devices
 l - a wand of slowing (25)
 p - a wand of random effects (26)
Scrolls
 f - 6 scrolls of teleportation
 i - 3 scrolls of blinking
 k - 3 scrolls of fear {unknown}
 y - a scroll of magic mapping {unknown}
 A - 2 scrolls of remove curse
 C - a scroll of enchant weapon
Potions
 e - a potion of might
 j - a potion of resistance
 m - 3 potions of brilliance
 q - a potion of restore abilities {unknown}
 s - 3 potions of cancellation {unknown}
 t - a potion of agility {unknown}
 v - 3 potions of magic {unknown}
 x - 2 potions of curing {unknown}
 B - a potion of mutation {unknown}
Books
 z - a book of Annihilations {highlevel, unknown}

   This book is beyond your current level of understanding.

   Spells                             Type                      Level
   a - Poison Arrow                   Conjuration/Poison           6
   b - Chain Lightning                Conjuration/Air              8
   c - Lehudib's Crystal Spear        Conjuration/Earth            8
   d - Glaciate                       Conjuration/Ice              9
   e - Fire Storm                     Conjuration/Fire             9
Comestibles
 d - 3 bread rations
 n - 3 fruits
 o - a beef jerky
 w - a meat ration


   Skills:
 + Level 5.8 Fighting
 + Level 0.4(3.3) Short Blades
 + Level 5.9 Long Blades
 + Level 7.3 Armour
 + Level 3.9 Dodging
 + Level 7.7 Shields


You had 7 spell levels left.
You didn't know any spells.

Dungeon Overview and Level Annotations

Branches:
Dungeon (6/15)
 Temple: D:4-7

Altars:
Okawaru

Annotations:
D:6 Grinder


Innate Abilities, Weirdness & Mutations

You reflexively headbutt those who attack you in melee.
You have a pair of horns on your head.


Message History

Unknown command.
Your chain mail prevents you from hitting Grinder.
You headbutt Grinder, but do no damage.
Grinder is severely wounded.
Grinder hits you!
You writhe in agony.
You puncture Grinder!
Grinder is almost dead.
Grinder gestures at you. Pain shoots through your body!
* * * LOW HITPOINT WARNING * * *
Your chain mail prevents you from hitting Grinder.
You headbutt Grinder.
Grinder is almost dead.
Grinder gestures at you. Pain shoots through your body!
* * * LOW HITPOINT WARNING * * *
You closely miss Grinder.
Grinder is almost dead.
Grinder hits you.
You die...

###.# #.##.# .... ... #.# #
###.#. #.####.#.# #######.!...
.. #....# .........#.# ###.##.#
.........##.# #...#..#
.........##.# #.##..##
............##########.##.##
...[........[.@5..........#####
...#####......................
#. ############.<.#.......
#..####.##### ####.?###..#
#.........## #........##
#...(....# ####..####


You could see Grinder.

Vanquished Creatures
  Pikel (D:6)
  The ghost of nivlat the Insei, an average OpMo (D:4)
  2 ice beasts (D:5)
  A phantom (D:5)
  2 scorpions
  A hound (D:5)
  A crimson imp (D:4)
  A giant frog zombie (D:5)
  2 giant frog skeletons
  3 orc priests
  An orc wizard (D:4)
  An iguana (D:4)
  3 worker ants
  4 adders
  2 worms
  2 adder skeletons (D:4)
  3 giant geckos
  14 orcs
  2 bat skeletons (D:4)
  6 giant cockroaches
  10 hobgoblins
  8 jackals (D:3)
  8 kobolds
  2 quokkas (D:5)
  A ball python (D:1)
  9 bats
  4 giant newts
  9 goblins
  A quokka skeleton (D:4)
  13 rats
118 creatures vanquished.

Notes
Turn   | Place    | Note
--------------------------------------------------------------
     0 | D:1      | Peloso, the Minotaur Fighter, began the quest for the Orb.
     0 | D:1      | Reached XP level 1. HP: 19/19 MP: 1/1
   223 | D:1      | Reached XP level 2. HP: 27/27 MP: 1/1
   402 | D:1      | Reached skill level 4 in Armour
   909 | D:2      | Reached XP level 3. HP: 33/33 MP: 2/2
  1029 | D:2      | Found an iron altar of Okawaru.
  1051 | D:2      | Became a worshipper of Warmaster Okawaru
  1105 | D:2      | Reached skill level 1 in Dodging
  1536 | D:3      | Reached XP level 4. HP: 39/41 MP: 2/2
  2173 | D:4      | Reached skill level 5 in Shields
  2173 | D:4      | Reached XP level 5. HP: 14/47 MP: 2/2
  2257 | D:4      | Noticed nivlat's ghost (average OpMo)
  2408 | D:4      | Killed nivlat's ghost
  2408 | D:4      | Acquired Okawaru's first power
  2408 | D:4      | Reached skill level 5 in Armour
  2408 | D:4      | Reached XP level 6. HP: 38/55 MP: 3/3
  3000 | D:4      | Reached skill level 5 in Fighting
  3000 | D:4      | Reached skill level 6 in Shields
  3161 | D:5      | Entered Level 5 of the Dungeon
  3180 | D:4      | Reached XP level 7. HP: 49/61 MP: 3/3
  3591 | D:5      | Reached skill level 5 in Long Blades
  4065 | D:5      | Got a brightly glowing short sword
  4066 | D:5      | Identified the +6 short sword "Impslayer" {freeze, rElec} (You found it on level 5 of the Dungeon)
  4084 | D:6      | Noticed Pikel
  4095 | D:6      | Killed Pikel
  4095 | D:6      | Reached skill level 7 in Armour
  4095 | D:6      | Reached XP level 8. HP: 39/70 MP: 3/3
  4170 | D:6      | Noticed Grinder
  4193 | D:6      | HP: 2/70 [Grinder/nerve-wracking pain (14)]
  4194 | D:6      | Slain by Grinder

Action                   |  1- 3 |  4- 6 |  7- 9 || total
-------------------------+-------+-------+-------++-------
Melee: Long sword        |   104 |   186 |    85 ||   375
       Short sword       |       |       |    32 ||    32
  Use: Scroll            |     8 |       |     2 ||    10
       Potion            |       |       |     1 ||     1
  Eat: Chunk             |       |     6 |     1 ||     7
       Beef jerky        |       |     1 |     1 ||     2
